 Dungeon Crawl Stone Soup version 0.29-a0-393-g47a863cc1b (webtiles) character file.

Game seed: 17718421805382751201

20 Lekart the Skirmisher (level 2, -1/27 HPs)
             Began as a Draconian Chaos Knight on May 9, 2022.
             Was a Plaything of Xom.
             Succumbed to a goblin's poison
             ... on level 1 of the Dungeon.
             The game lasted 00:00:47 (497 turns).

Lekart the Skirmisher (Draconian Chaos Knight)       Turns: 497, Time: 00:00:47

Health: -1/27      AC:  5    Str: 14    XL:     2   Next: 58%
Magic:  2/2        EV: 12    Int: 12    God:    Xom [..*...]
Gold:   3          SH:  0    Dex: 10    Spells: 1/1 levels left

rFire   . . .      SeeInvis .   a - +1 falchion (chaos)
rCold   . . .      Faith    .   (no shield)
rNeg    . . .      Spirit   .   (body armour unavailable)
rPois   .          Reflect  .   (helmet restricted)
rElec   .          Harm     .   e - +0 cloak
rCorr   .          Rampage  .   (no gloves)
Will    +....                   (no boots)
Stlth   +.........              (no amulet)
HPRegen 0.09/turn               d - ring of willpower
MPRegen 0.08/turn               (no ring)

@: brilliant, lethally poisoned (-1 -> -13), about to teleport
A: AC +4, unfitting armour, cold-blooded
a: Renounce Religion


You were on level 1 of the Dungeon.
You worshipped Xom.
You were a toy of Xom.
You visited 1 branch of the dungeon, and saw 1 of its levels.

You collected 3 gold pieces.

Inventory:

Hand Weapons
 a - a +1 falchion of chaos (weapon)
Armour
 e - a +0 cloak (worn)
Jewellery
 d - a ring of willpower (left hand)
 g - a +6 ring of intelligence
Scrolls
 h - a scroll of identify {unknown}
Miscellaneous
 b - a piece from Xom's chessboard (15/15) (quivered)


   Skills:
 + Level 3.7 Fighting
 + Level 3.3 Long Blades
 + Level 2.4 Dodging
 + Level 0.1 Stealth


You had one spell level left.
You didn't know any spells.
Your spell library was empty.

Dungeon Overview and Level Annotations

Branches:
Dungeon (1/15)

Altars:

Shops:
D:1 [


Innate Abilities, Weirdness & Mutations

Your plain brown scales are hard. (AC +4)
You cannot fit into any form of body armour.
You are cold-blooded and may be slowed by cold attacks.


Message History

The hobgoblin closely misses you.
There are monsters nearby!
You slash the hobgoblin!
You kill the hobgoblin!
The frilled lizard closely misses you.
There are monsters nearby!
You closely miss the frilled lizard. The frilled lizard bites you.
There are monsters nearby!
You barely miss the goblin.
The frilled lizard bites you but does no damage.
The goblin hits you with a +2 whip of venom.
You are poisoned.
The frilled lizard bites you. The goblin closely misses you.
There are monsters nearby!
You closely miss the goblin.
You feel very sick.
The frilled lizard bites you but does no damage.
The goblin hits you with a +2 whip of venom.
You are lethally poisoned!
There is a lethal amount of poison in your body!
You are too injured to fight recklessly!
There is a lethal amount of poison in your body!
You are too injured to fight recklessly!
The frilled lizard attacks as you move away!
The frilled lizard bites you but does no damage.
* * * LOW HITPOINT WARNING * * *
You feel very sick.
It was a potion of brilliance.
You feel clever all of a sudden.
* * * LOW HITPOINT WARNING * * *
You feel very sick.
The frilled lizard bites you but does no damage.
As you read the scroll labelled ENNAGR RAWI, it crumbles to dust.
You feel strangely unstable.
It was a scroll of teleportation.
* * * LOW HITPOINT WARNING * * *
You feel very sick.
The frilled lizard bites you but does no damage.
Unknown command.
You die...
Xom chortles!

* * #.##.##)..... , *
##.##.##.#.... **#
#...#.......#. #.*
#...####.##.## #*#.###
#...####.##... ,.>....*
#...#.......##
*..#.#..######...#.##.##.##
*......†#.............##.#
,#...gl.@...........##.#
#....#..........#####+##
:......######...#.#.......
*....... #...###....... *
....!.### #...# #..⌠...⌠
#.......# #...###.......
**#.##.##.# #...#.'....<..
.. ..*#.######.##.#.......
* * #.#......#..#..⌠...⌠


You could see a goblin and a frilled lizard.

Vanquished Creatures
  An endoplasm (D:1)
  2 giant cockroaches (D:1)
  5 hobgoblins (D:1)
  A quokka (D:1)
  2 ball pythons (D:1)
  4 bats (D:1)
  2 kobolds (D:1)
  A rat (D:1)
18 creatures vanquished.

Notes
Turn   | Place    | Note
-------+----------+-------------------------------------------
     0 | D:1      | Lekart the Draconian Chaos Knight began the quest for the
                  | Orb.
     0 | D:1      | Reached XP level 1. HP: 19/19 MP: 1/1
   274 | D:1      | Reached XP level 2. HP: 22/26 MP: 2/2
   335 | D:1      | Found Seath's Armour Shoppe.
   486 | D:1      | XOM: divination: magic mapping
   496 | D:1      | HP: 1/27 [poisoned by a goblin]
   497 | D:1      | Succumbed to a goblin's poison

Illustrated notes

Levels and vault maps discovered:
D:1:      mushboom_english_gardens, layout_loops_cross, serial_shops, shop

Action                   || total
-------------------------++-------
Melee: Falchion          ||    34
  Use: Scroll            ||     2
       Potion            ||     1
 Stab: Sleeping          ||     1
Armor: Skin              ||    14
Dodge: Dodged            ||    29

Table legend: (Time is in decaauts)
 A = Elapsed time spent in this place.
 B = Non-inter-level travel time spent in this place.
 C = Inter-level travel time spent in this place.
 D = Time resting spent in this place.
 E = Time spent auto-exploring this place.
 F = Levels seen in this place.
 G = Mean time per level.
                   A        B        C        D        E       F      G
               +--------+--------+--------+--------+--------+-----+--------+
         Total |    501 |    501 |      0 |      0 |    387 |   1 |  501.0 |
       Dungeon |    501 |    501 |      0 |      0 |    387 |   1 |  501.0 |
               +--------+--------+--------+--------+--------+-----+--------+

Top non-repeatable levels by time:
     D:1: 501 daAuts
